 Dungeon Crawl Stone Soup version 0.32-a0-128-g77eb882913 (webtiles) character file.

Game seed: 4408405429478226539

92873 Newt the Warrior (level 15, -9/108 HPs)
             Began as a Gargoyle Fighter on Feb 6, 2024.
             Was an Initiate of Gozag.
             Mangled by a spriggan berserker
             ... wielding a +0 hand axe
              (12 damage)
             ... on level 4 of the Swamp on Feb 7, 2024.
             The game lasted 00:29:18 (22019 turns).

Newt the Warrior (Gargoyle Fighter)                Turns: 22019, Time: 00:29:20

Health: -9/108     AC: 31    Str: 35    XL:     15   Next: 75%
Magic:  15/15      EV: 14    Int:  7    God:    Gozag
Gold:   1771       SH: 16    Dex:  9    Spells: 14/14 levels left

rFire   + . .        H - +6 shillelagh "Devastator" {shatter}
rCold   + . .        Q - +2 kite shield {rPois}
rNeg    + . .        y - +4 scale mail of Music {Str+5 Stlth-}
rPois   ∞            h - +2 hat {Int+3}
rElec   +            A - +0 cloak
rCorr   +            (no gloves)
SInv    .            q - +1 pair of boots
Will    +....        L - amulet of reflection Stlth
                     i - +5 ring of evasion
HPRegen 0.38/turn    b - ring "Focuav" {rF+ rC+ rCorr Str+3 Int-5}
MPRegen 0.14/turn

%: reflection
@: flying
A: sickness immunity, AC +11, big wings, negative energy resistance 1,
electricity resistance, torment resistance 1, petrification resistance, antennae
1, hooves 1, passive freeze, inability to drink after injury 1
a: Renounce Religion, Potion Petition, Call Merchant, Bribe Branch


You were on level 4 of the Swamp.
You worshipped Gozag.
Gozag was most pleased with you.
You visited 3 branches of the dungeon, and saw 24 of its levels.
You also visited: Gauntlet.

You collected 5893 gold pieces.
You spent 1798 gold pieces at shops.
You paid 2324 gold pieces to Gozag.

Inventory:

Hand Weapons
 C - a +6 flail
 H - the +6 shillelagh "Devastator" (weapon) {shatter}
   (You found it on level 8 of the Dungeon)
Missiles
 r - 15 javelins
 F - 11 boomerangs
 G - 39 poisoned darts
 Y - 4 throwing nets
Armour
 h - a +2 hat of intelligence (worn)
 p - a +2 pair of gloves of hurling
 q - a +1 pair of boots (worn)
 y - the +4 scale mail of Music (worn) {Str+5 Stlth-}
   (You found it on level 7 of the Dungeon)

   Str+5:     It affects your strength (+5).
   Stlth-:    It makes you less stealthy.
 A - a +0 cloak (worn)
 Q - a +2 kite shield of poison resistance (worn)
Jewellery
 b - the ring "Focuav" (right hand) {rF+ rC+ rCorr Str+3 Int-5}
   (You bought it in a shop on level 2 of the Lair of Beasts)

   [ring of protection from fire]

   Str+3:     It affects your strength (+3).
   Int-5:     It affects your intelligence (-5).
   rF+:       It protects you from fire.
   rC+:       It protects you from cold.
   rCorr:     It protects you from acid and corrosion.
 c - a ring of positive energy
 i - a +5 ring of evasion (left hand)
 n - the amulet "Kotib" {Acrobat Harm rC+ MP+9 Dex+2}
   (You found it in a Gauntlet)

   [amulet of the acrobat]

   Acrobat:   It increases your evasion while moving and waiting.
   Dex+2:     It affects your dexterity (+2).
   rC+:       It protects you from cold.
   MP+9:      It affects your magic capacity (+9).
   Harm:      It increases damage dealt and taken.
 L - an amulet of reflection (around neck)
 S - the amulet of Ciom {RegenMP rPois rF+++ rC- Dex+2}
   (You bought it in a shop on level 2 of the Lair of Beasts)

   [amulet of magic regeneration]

   RegenMP:   It increases your rate of magic regeneration.
   Dex+2:     It affects your dexterity (+2).
   rF+++:     It renders you almost immune to fire.
   rC-:       It makes you vulnerable to cold.
   rPois:     It protects you from poison
Wands
 e - a wand of paralysis (39) (quivered)
 o - a wand of roots (18)
 w - a wand of mindburst (31)
 D - a wand of flame (15)
 T - a wand of quicksilver (12)
 V - a wand of digging (8)
Scrolls
 a - 2 scrolls of poison
 g - 8 scrolls of teleportation
 m - a scroll of fog
 t - a scroll of immolation
 B - 5 scrolls of identify
 I - a scroll of enchant armour
 K - 2 scrolls of fear
 N - 2 scrolls of torment
 O - 3 scrolls of blinking
 R - 2 scrolls of enchant weapon
 U - 2 scrolls of vulnerability
 X - a scroll of silence
 Z - a scroll of brand weapon
Potions
 f - 5 potions of lignification
 k - 3 potions of ambrosia
 l - a potion of mutation
 s - 2 potions of might
 u - 2 potions of berserk rage
 v - 2 potions of brilliance
 x - 5 potions of heal wounds
 z - 2 potions of curing
 J - 4 potions of resistance
 M - 3 potions of enlightenment
 P - 2 potions of haste
 W - a potion of attraction
Miscellaneous
 d - a lightning rod (4/4)
 j - a phantom mirror
 E - a condenser vane


   Skills:
 + Level 17.7 Fighting
 - Level 14.1 Maces & Flails
 - Level 13.5 Armour
 * Level 7.0 Shields
 - Level 11.2 Evocations


You had 14 spell levels left.
You didn't know any spells.
Your spell library contained the following spells:

 Spells                   Type           Power      Damage    Failure   Level
 Freeze                   Ice            0%         1d3       75%         1
 Sting                    Conj/Alch      0%         1d3       75%         1
 Ensorcelled Hibernation  Hex/Ice        0%         N/A       87%         2
 Jinxbite                 Hex            0%         N/A       87%         2
 Mercury Vapours          Alch/Air       0%         N/A       87%         2
 Call Canine Familiar     Summ           0%         N/A       98%         3
 Frozen Ramparts          Ice            0%         1d1       98%         3
 Fugue of the Fallen      Necr           0%         N/A       98%         3
 Hailstorm                Conj/Ice       0%         3d5       98%         3
 Mephitic Cloud           Conj/Alch/Air  0%         N/A       98%         3
 Passwall                 Erth           0%         N/A       98%         3
 Sigil of Binding         Hex            0%         N/A       98%         3
 Swiftness                Air            0%         N/A       98%         3
 Anguish                  Hex/Necr       0%         N/A       100%        4
 Brom's Barrelling Bould  Conj/Erth      0%         2d3       100%        4
 Dimensional Bullseye     Hex/Tloc       0%         N/A       100%        4
 Ignite Poison            Fire/Alch      0%         N/A       100%        4
 Leda's Liquefaction      Alch/Erth      0%         N/A       100%        4
 Olgreb's Toxic Radiance  Alch           0%         N/A       100%        4
 Sticky Flame             Fire/Alch      0%         2d4       100%        4
 Fireball                 Conj/Fire      0%         3d3       100%        5
 Freezing Cloud           Conj/Ice/Air   0%         6-21      100%        5
 Iskenderun's Battlesphe  Conj           0%         2d6       100%        5
 Lee's Rapid Deconstruct  Erth           0%         3d4*      100%        5
 Summon Forest            Summ/Tloc      0%         N/A       100%        5
 Summon Mana Viper        Hex/Summ       0%         N/A       100%        5
 Yara's Violent Unravell  Hex/Alch       0%         3d3       100%        5
 Bombard                  Conj/Erth      0%         9d1       100%        6
 Conjure Ball Lightning   Conj/Air       0%         3x3d6     100%        6
 Summon Cactus Giant      Summ           0%         N/A       100%        6
 Enfeeble                 Hex            0%         N/A       100%        7
 Orb of Destruction       Conj           0%         9d5       100%        7
 Spellforged Servitor     Conj/Summ      0%         N/A       100%        7
 Ignition                 Fire           0%         3d3       100%        8


Dungeon Overview and Level Annotations

Branches:
Dungeon (15/15)            Temple (0/1) D:6            Lair (5/5) D:8
  Swamp (4/4) Lair:2       Spider (0/4) Lair:2        Slime (0/5) Lair:5
    Orc (0/2) D:9          Vaults (0/5) D:13         Depths (0/4) D:15
Gauntlet (visited)

Altars:
Fedhas
Gozag
Hepliaklqana
Nemelex Xobeh
Okawaru
Qazlal
Xom
The Shining One
Jiyva

Shops:
D:3 *   D:4 [   D:9 *   Lair:2 ?*

Annotations:
D:5 2 transporters, Pokonic1's ghost, novice HOFi
D:10 1 runed translucent door, timneilson's ghost, journeyman GrFi


Innate Abilities, Weirdness & Mutations

You are immune to sickness and miasma.
Your stone body is resilient. (AC +11)
You are immune to poison.
Your large and strong wings let you fly.
You resist negative energy. (rN+)
You are resistant to electric shocks. (rElec)
You are resistant to unholy torment.
You are immune to petrification.
You have a pair of small antennae on your head.
You have large cloven feet.
A frigid envelope surrounds you and freezes all who hurt you.
You occasionally lose the ability to drink potions when taking damage.


Message History

The death yak barely misses you.
The spriggan berserker hits you with a +0 hand axe.
The spriggan berserker is very cold.
The spriggan berserker is lightly wounded.
You block the spriggan rider's attack.
Unknown command.
Unknown command.
The spriggan rider hits you but does no damage.
The foxfire hits you. You resist.
Unknown command.
The spriggan berserker rages.
The spriggan berserker attacks as it pursues you!
The spriggan berserker hits you with a +0 hand axe!
The spriggan berserker is very cold.
The spriggan berserker is lightly wounded.
The death yak gores you!!
* * * LOW HITPOINT WARNING * * *
The death yak is very cold.
The death yak is moderately wounded.
The death yak is engulfed in a cloud of scalding steam.
The spriggan berserker barely misses you.
The will-o-the-wisp gestures.
The will-o-the-wisp conjures some marshlight!
Unknown command.
The death yak attacks as it pursues you!
You block the death yak's attack.
You block the spriggan berserker's attack.
The death yak gores you!!
* * * LOW HITPOINT WARNING * * *
There is a stone staircase leading up here.
Unknown command.
You feel much better.
You block the spriggan berserker's attack.
The death yak gores you!!
* * * LOW HITPOINT WARNING * * *
The death yak is very cold.
The death yak is heavily wounded.
The spriggan berserker hits you with a +0 hand axe!
You die...
Your body crumbles into a pile of gold.

.~~~ ♣.~~ ♣~~~
. ♣§~~ .. ♣~§H
♣♣♣
♣..♣♣..,♣♣~♣♣♣
♣♣~~..~♣♣.i@.♣♣
~~.~..$.H.Y~~~♣
~.~~v~§~i$~~~.♣
~§~~~§~$!..$$~♣
~§~~~~~.♣♣~.~♣♣
§.~§~~~.♣♣~~.♣
§.~~~~~♣♣~~~.♣
~^...♣♣ ♣~^..♣
♣.~.. ♣♣♣..♣


You could see a death yak (summoned, berserk), a fenstrider witch, a spriggan
rider, a spriggan berserker (berserk) and a will-o-the-wisp.

Vanquished Creatures
  Gastronok (Lair:2)
  A fenstrider witch (Swamp:2)
  A stone giant (D:15)
  An eleionoma (Swamp:2)
  The ghost of Newt the Fighter, a journeyman DsGl of Gozag (D:13)
  2 bunyips
  Josephine (Lair:4)
  Harold (D:10)
  A shambling mangrove (Swamp:2)
  A great orb of eyes (Gauntlet)
  4 hydras
  An ironbound frostheart (D:13)
  An alligator (Swamp:2)
  2 boulder beetles
  9 centaur warriors
  A death knight (D:11)
  4 tengu warriors
  2 catoblepae
  3 two-headed ogres
  A deep troll shaman (Lair:5)
  A naga warrior (D:13)
  A death scarab (Gauntlet)
  8 death yaks
  Urug (Lair:1)
  2 skeletal warriors (D:11)
  A skyshark (Lair:5)
  A bog body (Lair:2)
  An orc knight (D:14)
  A spectral hydra (Gauntlet)
  Pikel (D:7)
  5 deep elf pyromancers
  A will-o-the-wisp (Swamp:3)
  5 cyclopes
  7 manticores
  8 ugly things
  3 black mambas
  A meliai (shapeshifter) (D:15)
  7 elephants
  A gargoyle (D:12)
  7 cane toads
  A torpor snail (Gauntlet)
  9 komodo dragons
  2 rime drakes
  6 kobold demonologists
  A tengu conjurer (D:13)
  2 polar bears
  7 trolls
  A tyrant leech (Swamp:4)
  5 hornets
  13 blink frogs
  4 dream sheep (Lair:5)
  Sigmund (D:3)
  12 slime creatures
  2 spriggans (Swamp:4)
  7 wraiths
  4 wyverns
  14 yaks
  3 humans (D:13)
  8 basilisks
  A redback (Lair:2)
  4 steam dragons
  7 vampire mosquitoes
  3 acid dragons
  3 swamp worms
  17 water moccasins
  3 orc warriors
  5 black bears
  A swamp drake (Swamp:4)
  An ice beast (D:6)
  A sky beast (D:8)
  20 wolves
  17 centaurs
  2 lemures (D:7)
  7 kobold brigands
  9 bullfrogs
  13 wights
  2 scorpions
  20 killer bees
  9 electric eels
  6 howler monkeys
  3 bombardier beetles
  2 hounds
  5 jellies
  6 orc priests
  Crazy Yiuf (D:4)
  A gnoll bouda (D:7)
  A sleepcap (D:5)
  2 iguanas
  13 orc wizards
  Robin (D:4)
  8 adders
  17 gnolls
  A shadow imp (D:6)
  A white imp (D:5)
  2 ribbon worms
  4 dart slugs
  43 orcs
  10 endoplasms
  7 giant cockroaches
  43 goblins
  28 hobgoblins
  9 jackals
  3 quokkas
  6 ball pythons
  3 bats
  2 frilled lizards
  18 kobolds
  2 rats
597 creatures vanquished.

Vanquished Creatures (collateral kills)
  A minotaur (Gauntlet)
  A tengu warrior (D:13)
  2 orc warriors (D:13)
4 creatures vanquished.

Vanquished Creatures (others)
  An orc wizard (D:5)
  7 foxfires
8 creatures vanquished.

Grand Total: 609 creatures vanquished

Notes
Turn   | Place    | Note
-------+----------+-------------------------------------------
     0 | D:1      | Newt the Gargoyle Fighter began the quest for the Orb.
     0 | D:1      | Reached XP level 1. HP: 14/14 MP: 1/1
   158 | D:1      | Reached XP level 2. HP: 14/19 MP: 2/2
   217 | D:1      | Found a faded altar of an unknown god.
   350 | D:1      | Reached XP level 3. HP: 23/24 MP: 3/3
  1035 | D:2      | Reached skill level 4 in Fighting
  1329 | D:2      | Reached XP level 4. HP: 27/29 MP: 4/4
  1851 | D:3      | Found an opulent altar of Gozag.
  1853 | D:3      | Found Gozag's Platinum Reserve.
  1858 | D:3      | Became a worshipper of Gozag Ym Sagoz the Greedy
  2025 | D:3      | Reached XP level 5. HP: 34/34 MP: 5/5
  2136 | D:3      | Noticed Sigmund
  2145 | D:3      | Killed Sigmund
  2146 | D:3      | Reached skill level 5 in Fighting
  2146 | D:3      | Reached skill level 5 in Maces & Flails
  2146 | D:3      | Reached XP level 6. HP: 26/40 MP: 6/6
  3019 | D:4      | Found Sabradd's Armour Shop.
  3105 | D:4      | Noticed Robin
  3138 | D:4      | Killed Robin
  3401 | D:4      | Found a runed translucent door.
  3402 | D:4      | Noticed Crazy Yiuf
  3413 | D:4      | Killed Crazy Yiuf
  3414 | D:4      | Reached XP level 7. HP: 39/44 MP: 5/7
  3486 | D:5      | Entered Level 5 of the Dungeon
  3686 | D:5      | Reached skill level 6 in Fighting
  3715 | D:5      | Reached skill level 5 in Armour
  3926 | D:5      | Found a transporter.
  4081 | D:5      | HP: 2/46 [orc priest/divine providence (11)]
  4459 | D:5      | Found a transporter.
  4461 | D:5      | Noticed Pokonic1's ghost (novice HOFi)
  4626 | D:5      | Reached XP level 8. HP: 43/52 MP: 8/8
  4929 | D:4      | Bought the +3 leather armour of the Shouting Gods {rC+ rN+
                  | Regen+} for 492 gold pieces
  5501 | D:6      | Reached skill level 7 in Fighting
  5501 | D:6      | Reached skill level 1 in Evocations
  5864 | D:6      | Found a staircase to the Ecumenical Temple.
  6034 | D:6      | Found a blossoming altar of Fedhas.
  6123 | D:6      | Reached XP level 9. HP: 55/59 MP: 9/9
  6132 | D:6      | Reached skill level 8 in Fighting
  6671 | D:7      | Identified the +4 scale mail of Music {Str+5 Stlth-}
  7182 | D:7      | Noticed Pikel
  7192 | D:7      | Reached skill level 9 in Fighting
  7204 | D:7      | Killed Pikel
  7235 | D:7      | Reached XP level 10. HP: 65/66 MP: 10/10
  7237 | D:7      | Gained mutation: You have large cloven feet. [potion of
                  | mutation]
  7237 | D:7      | Gained mutation: A frigid envelope surrounds you and
                  | freezes all who hurt you. [potion of mutation]
  7237 | D:7      | Gained mutation: You occasionally lose the ability to drink
                  | potions when taking damage. [potion of mutation]
  7237 | D:7      | Gained mutation: You have a pair of small antennae on your
                  | head. [potion of mutation]
  7289 | D:7      | Found a glowing golden altar of the Shining One.
  7730 | D:8      | Found an iron altar of Okawaru.
  7736 | D:8      | Found a stormy altar of Qazlal.
  8143 | D:8      | Reached skill level 10 in Fighting
  8487 | D:8      | Found a staircase to the Lair.
  8501 | D:8      | Found the +6 shillelagh "Devastator" {shatter}
  8729 | D:9      | Found a staircase to the Orcish Mines.
  8810 | D:9      | Bought a scroll labelled GOFYWNUNNO for 31 gold pieces
  8810 | D:9      | Bought a murky yellow potion for 27 gold pieces
  8810 | D:9      | Bought a murky yellow potion for 27 gold pieces
  8810 | D:9      | Bought a tiny blue amulet for 155 gold pieces
  8960 | D:9      | Noticed a cyclops
  8968 | D:9      | Killed a cyclops
  9225 | D:9      | You fall into a shaft and drop 3 floors!
  9230 | D:12     | Noticed a manticore
  9241 | D:12     | Noticed a kobold demonologist
  9242 | D:12     | Killed a manticore
  9243 | D:12     | Reached skill level 11 in Fighting
  9243 | D:12     | Reached XP level 11. HP: 30/74 MP: 5/11
  9254 | D:12     | Reached skill level 10 in Maces & Flails
  9409 | D:12     | Noticed a deep elf pyromancer
  9424 | D:12     | Killed a deep elf pyromancer
  9630 | D:12     | Noticed a manticore
  9638 | D:12     | Killed a manticore
  9798 | D:12     | Noticed a centaur warrior
  9806 | D:12     | Noticed a centaur warrior
  9809 | D:12     | Killed a centaur warrior
  9810 | D:12     | Killed a centaur warrior
  9811 | D:12     | Reached skill level 12 in Fighting
 10019 | D:12     | Noticed a two-headed ogre
 10023 | D:12     | Killed a two-headed ogre
 10089 | D:13     | Noticed a manticore
 10089 | D:13     | Noticed a manticore
 10095 | D:13     | Killed a manticore
 10098 | D:13     | Killed a manticore
 10265 | D:13     | Found a runed translucent gate.
 10266 | D:13     | Found a runed translucent gate.
 10266 | D:13     | Found a runed translucent gate.
 10266 | D:13     | Noticed a naga warrior
 10267 | D:13     | Noticed a centaur warrior
 10267 | D:13     | Noticed a centaur warrior
 10267 | D:13     | Noticed a tengu warrior
 10267 | D:13     | Noticed a tengu warrior
 10267 | D:13     | Noticed Newt's ghost (journeyman DsGl)
 10275 | D:13     | Noticed a two-headed ogre
 10275 | D:13     | Noticed a centaur warrior
 10277 | D:13     | Noticed a boulder beetle
 10280 | D:13     | Killed a two-headed ogre
 10282 | D:13     | Killed a centaur warrior
 10283 | D:13     | Reached XP level 12. HP: 65/82 MP: 12/12
 10292 | D:13     | Killed a boulder beetle
 10397 | D:13     | Found an iron altar of Okawaru.
 10404 | D:13     | Killed a centaur warrior
 10406 | D:13     | Killed a centaur warrior
 10408 | D:13     | Killed a naga warrior
 10409 | D:13     | Reached skill level 13 in Fighting
 10412 | D:13     | Killed a tengu warrior
 10414 | D:13     | Killed a tengu warrior
 10426 | D:13     | Killed Newt's ghost
 10428 | D:13     | Identified the +2 leather armour of Absolutism {rC+ Int+3}
 10432 | D:13     | Identified the +1 glaive "Jellyslayer" {flame, ^Contam
                  | rElec rF+ Str+4}
 10682 | D:13     | Noticed a centaur warrior
 10692 | D:13     | Killed a centaur warrior
 11262 | D:13     | Noticed a tengu warrior
 11268 | D:13     | Killed a tengu warrior
 11296 | D:13     | Noticed an ironbound frostheart
 11300 | D:13     | Reached skill level 10 in Armour
 11307 | D:13     | Killed an ironbound frostheart
 11310 | D:13     | Reached XP level 13. HP: 89/89 MP: 13/13
 11314 | D:13     | Reached skill level 14 in Fighting
 11327 | D:13     | Found a gate to the Vaults.
 12701 | D:14     | Found a sparkling altar of Nemelex Xobeh.
 13026 | D:15     | Entered Level 15 of the Dungeon
 13122 | D:15     | Identified the +0 leather armour of Diaraz {Harm rPois rF-
                  | SInv}
 13229 | D:15     | Found a hazy altar of Hepliaklqana.
 13362 | D:15     | Identified the +2 leather armour "Itisk" {rC+ MP+9}
 13456 | D:15     | Reached skill level 15 in Fighting
 13582 | D:15     | Found a staircase to the Depths.
 13582 | D:15     | Noticed a stone giant
 13588 | D:15     | Killed a stone giant
 14334 | D:11     | Reached skill level 5 in Evocations
 14551 | D:11     | Gained mutation: Your large and strong wings let you fly.
                  | [Gargoyle growth]
 14551 | D:11     | Reached XP level 14. HP: 96/98 MP: 14/14
 15283 | D:10     | Entered Level 10 of the Dungeon
 15382 | D:10     | Found a runed translucent door.
 15382 | D:10     | Found a shimmering altar of Xom.
 15382 | D:10     | Noticed timneilson's ghost (journeyman GrFi)
 15425 | D:10     | Noticed Harold
 15439 | D:10     | Killed Harold
 16733 | Lair:1   | Entered Level 1 of the Lair of Beasts
 17158 | Lair:1   | Noticed Urug
 17171 | Lair:1   | Killed Urug
 17172 | Lair:1   | Reached skill level 16 in Fighting
 17434 | Lair:2   | Identified the +2 leather armour of Relativism {^Contam
                  | rPois rC+++ Slay-6}
 17572 | Lair:2   | Bought a scroll of identify for 78 gold pieces
 17572 | Lair:2   | Bought a brightly glowing diamond amulet for 195 gold
                  | pieces
 17572 | Lair:2   | Identified the amulet of Ciom {RegenMP rPois rF+++ rC-
                  | Dex+2} (You bought it in a shop on level 2 of the Lair of
                  | Beasts)
 17572 | Lair:2   | Bought a runed cloak for 292 gold pieces
 17572 | Lair:2   | Bought a bound tin ring for 195 gold pieces
 17572 | Lair:2   | Identified the ring "Focuav" {rF+ rC+ rCorr Str+3 Int-5}
                  | (You bought it in a shop on level 2 of the Lair of Beasts)
 17613 | Lair:2   | Found a hole to the Spider Nest.
 17637 | Lair:2   | Bought a scroll of identify for 36 gold pieces
 17637 | Lair:2   | Bought a scroll of revelation for 135 gold pieces
 17637 | Lair:2   | Bought a scroll of blinking for 135 gold pieces
 17733 | Lair:2   | Noticed Gastronok
 17744 | Lair:2   | Killed Gastronok
 18098 | Lair:2   | Found a staircase to the Swamp.
 18336 | Lair:3   | Found a gate leading to a gauntlet.
 18352 | Gauntlet | Entered a Gauntlet
 18352 | Gauntlet | Found a transporter.
 18352 | Gauntlet | Found a transporter.
 18357 | Gauntlet | Found a transporter.
 18366 | Gauntlet | Found a transporter.
 18377 | Gauntlet | Found a transporter.
 18385 | Gauntlet | Found a transporter.
 18387 | Gauntlet | Found a transporter.
 18387 | Gauntlet | Found a transporter.
 18391 | Gauntlet | Found a transporter.
 18425 | Gauntlet | Found a transporter.
 18434 | Gauntlet | Found a transporter.
 18443 | Gauntlet | Found a transporter.
 18477 | Gauntlet | Found a transporter.
 18491 | Gauntlet | Found a transporter.
 18593 | Gauntlet | Found a transporter.
 18607 | Gauntlet | Found a transporter.
 18829 | Gauntlet | Identified the amulet "Kotib" {Acrobat Harm rC+ MP+9 Dex+2}
 18847 | Gauntlet | Identified the +0 mace "Ogreslayer" {vamp, rC+}
 18994 | Lair:3   | Upgraded the game from 0.32-a0-119-g2e8054a333 to
                  | 0.32-a0-128-g77eb882913
 19798 | Lair:4   | Found a hazy altar of Hepliaklqana.
 19913 | Lair:4   | Noticed Josephine
 19930 | Lair:4   | Killed Josephine
 19933 | Lair:4   | Reached skill level 10 in Evocations
 19938 | Lair:4   | Reached XP level 15. HP: 80/105 MP: 15/15
 20376 | Lair:5   | Entered Level 5 of the Lair of Beasts
 20433 | Lair:5   | Reached skill level 17 in Fighting
 20765 | Lair:5   | Found a staircase to the Slime Pits.
 20765 | Lair:5   | Found a viscous altar of Jiyva.
 21045 | Lair:5   | Reached skill level 5 in Shields
 21081 | Lair:5   | Got an earthy gem with 21 turns to spare
 21526 | Swamp:1  | Entered Level 1 of the Swamp
 21565 | Swamp:2  | Noticed a fenstrider witch
 21573 | Swamp:2  | Killed a fenstrider witch
 21778 | Swamp:4  | Entered Level 4 of the Swamp
 22010 | Swamp:4  | Noticed a fenstrider witch
 22018 | Swamp:4  | HP: 4/108 [death yak[a spriggan berserker] (25)]
 22019 | Swamp:4  | Mangled by a spriggan berserker

Illustrated notes

Levels and vault maps discovered:
D:1:      kilobyte_arrival_exit_the_forest, layout_rooms,
          chequers_ecumenical_altar_simple_redux
D:2:      layout_basic
D:3:      layout_loops_ring, nicolae_gozag_zags_fifth_avenue, uniq_sigmund
D:4:      layout_loops_ring, serial_shops, kennysheep_mini,
          uniq_crazy_yiuf_cottage, uniq_robin
D:5:      layout_basic, gammafunk_ghost_mausoleum, serial_park_tiny_2
D:6:      minmay_goblin_kobold_castle, layout_loops_ring,
          mainiacjoe_overflow_six_doors_small, minmay_temple_entry_proselytizer,
          gup_sewer_entry_bowl
D:7:      kennysheep_steamy, layout_basic, nicolae_tso_swordbearing_angel,
          uniq_pikel
D:8:      layout_rooms, jmf_multi_god_temple, erik_lair_dragon
D:9:      layout_stronghold, erik_orc_3, nrook_loot_triangle
D:10:     layout_roguey, ebering_ghost_xom, uniq_harold
D:11:     layout_basic
D:12:     layout_rooms, st_stairs_2
D:13:     layout_long_grid, hellmonk_vaults_keyhole,
          gammafunk_ghost_fury_of_okawaru
D:14:     layout_basic, nicolae_concentric_dashed_squares_wild,
          nemelex_spade_bored_becter
D:15:     grunt_enter_depths_snipers, layout_irregular_city, serial_rivers,
          chequers_serial_rivers_micro_b, chequers_serial_rivers_small_b,
          chequers_serial_rivers_small_3, chequers_serial_rivers_micro_b,
          nicolae_triple_integral, nicolae_hepliaklqana_hazy_memory
Lair:1:   layout_hall_layers, minivault_24, uniq_urug
Lair:2:   wander_river, layout_loops_ring, skrybe_swamp_entry_bodies,
          spider_nest_entry_webs, serial_bayou, serial_bayou_lagoon_b,
          serial_bayou_pond_a, serial_bayou_lagoon_a, serial_bayou_pond_b,
          infiniplex_staircase_pool_2, lemuel_fruit_tree, uniq_gastronok
Lair:3:   layout_loops_ring, gauntlet_entry_generic, serial_bayou_shore_a
Lair:4:   layout_misc_corridors, lemuel_centaur_altar,
          infiniplex_staircase_pool, uniq_josephine
Lair:5:   grunt_lair_end_beastmaster, layout_long_grid,
          nicolae_slime_entry_slimehenge, grunt_megastairs_3
Swamp:1:  layout_falls_marsh, evilmike_swamp_ruin_rubble_2
Swamp:2:  layout_basic_swamp, evilmike_swamp_ruin_wall, swamp_pool_1_2,
          statue_in_the_mist_lemuel
Swamp:3:  layout_falls_marsh, nicolae_swamp_little_tower
Swamp:4:  swamp_basic_johnstein, layout_basic_swamp

Skill      XL: |  1  2  3  4  5  6  7  8  9 10 11 12 13 14 15 |
---------------+----------------------------------------------+-----
Maces & Flails | 3 4 5 6 7 9 12 14 | 14.1
Fighting       | 4 5 6 7 9 11 12 13 15 16 17 | 17.7
Armour         | 5 6 8 9 10 13 | 13.5
Evocations     | 4 5 10 11 | 11.2
Shields        | 7 |  7.0

Action                     |  1- 3 |  4- 6 |  7- 9 | 10-12 | 13-15 || total
---------------------------+-------+-------+-------+-------+-------++-------
  Melee: Flail             |   140 |    97 |       |    49 |       ||   286
         Whip              |       |   106 |   415 |       |       ||   521
         Mace              |       |       |   196 |    32 |       ||   228
         Shillelagh        |       |       |       |   178 |   658 ||   836
  Throw: Boomerang         |       |       |       |       |     1 ||     1
 Invoke: Call Merchant     |       |       |       |     1 |     2 ||     3
  Evoke: Wand              |       |       |     1 |     2 |     2 ||     5
         Phantom mirror    |       |       |       |       |     1 ||     1
    Use: Scroll            |     2 |     2 |    12 |     8 |     8 ||    32
         Potion            |       |     1 |     1 |     3 |     2 ||     7
   Stab: Paralysed         |       |       |     4 |       |       ||     4
         Distracted        |       |       |     1 |     2 |     1 ||     4
         Petrified         |       |       |       |       |     7 ||     7
 Armour: Scale mail        |   109 |   102 |   170 |   209 |   291 ||   881
         Leather armour    |       |       |   150 |       |       ||   150
  Dodge: Dodged            |    85 |   112 |   436 |   162 |   187 ||   982
  Block: Buckler           |    28 |    27 |   107 |    65 |     3 ||   230
         Reflection        |       |       |       |     4 |    30 ||    34
         Kite shield       |       |       |       |       |   418 ||   418

Table legend: (Time is in decaauts)
 A = Elapsed time spent in this place.
 B = Non-inter-level travel time spent in this place.
 C = Inter-level travel time spent in this place.
 D = Time resting spent in this place.
 E = Time spent auto-exploring this place.
 F = Levels seen in this place.
 G = Mean time per level.
                   A        B        C        D        E       F      G
               +--------+--------+--------+--------+--------+-----+--------+
         Total |  21802 |  20837 |    965 |   2863 |  14314 |  25 |  872.1 |
       Dungeon |  16643 |  15901 |    742 |   2636 |  10628 |  15 | 1109.5 |
          Lair |   4173 |   3985 |    188 |     24 |   3276 |   5 |  834.6 |
         Swamp |    469 |    435 |     34 |    203 |    125 |   4 |  117.2 |
      Gauntlet |    516 |    516 |      0 |      0 |    285 |   1 |  516.0 |
               +--------+--------+--------+--------+--------+-----+--------+

Top non-repeatable levels by time:
    D:13: 1562 daAuts
     D:5: 1536 daAuts
     D:6: 1521 daAuts
    D:14: 1355 daAuts
     D:9: 1161 daAuts
     D:8: 1153 daAuts
    D:11: 1109 daAuts
    D:15: 1082 daAuts
     D:2: 1026 daAuts
  Lair:5: 998 daAuts
     D:4: 918 daAuts
  Lair:2: 896 daAuts
  Lair:3: 892 daAuts
     D:7: 876 daAuts
     D:1: 873 daAuts
